 Dungeon Crawl Stone Soup version 0.31.0-32-g396128a36d (webtiles) character file.

Game seed: 7500761472525789088

1514 Fractals the Fighter (level 8, -5/81 HPs)
             Began as a Hill Orc Fighter on Apr 4, 2024.
             Was a Follower of Qazlal.
             Slain by a cyclops (20 damage)
             ... on level 6 of the Dungeon.
             The game lasted 00:09:20 (4095 turns).

Fractals the Fighter (Hill Orc Fighter)             Turns: 4095, Time: 00:09:21

Health: -5/81      AC: 13    Str: 19    XL:     8   Next: 83%
Magic:  13/13      EV: 14    Int:  8    God:    Qazlal [*.....]
Gold:   253        SH:  6    Dex: 12    Spells: 7/7 levels left

rFire   + + .        a - +0 war axe
rCold   x . .        c - +0 buckler
rNeg    . . .        h - +0 fire dragon scales
rPois   .            (no helmet)
rElec   .            u - +0 cloak
rCorr   .            w - +0 pair of gloves
SInv    .            r - +0 pair of boots
Will    .....        (no amulet) Stlth
                     s - +5 ring of evasion
HPRegen 0.33/turn    (no ring)
MPRegen 0.13/turn

%: no passive effects
@: studying Fighting
A: no striking features
a: Renounce Religion


You were on level 6 of the Dungeon.
You worshipped Qazlal.
Qazlal was aware of your devotion.
You visited 2 branches of the dungeon, and saw 7 of its levels.

You collected 253 gold pieces.

Inventory:

Hand Weapons
 a - a +0 war axe (weapon)
 y - a +2 scimitar of holy wrath
Armour
 c - a +0 buckler (worn)
 h - +0 fire dragon scales (worn)
 r - a +0 pair of boots (worn)
 u - a +0 cloak (worn)
 w - a +0 pair of gloves (worn)
Jewellery
 s - a +5 ring of evasion (left hand)
Wands
 e - a wand of polymorph (9)
Scrolls
 b - 2 scrolls of amnesia
 g - 2 scrolls of immolation
 j - a scroll of vulnerability {unknown}
 l - 2 scrolls of enchant armour {unknown}
 m - a scroll of fear
 o - a scroll of torment {unknown}
 q - a scroll of blinking {unknown}
 x - 3 scrolls of enchant weapon {unknown}
Potions
 d - a potion of might
 f - a potion of haste
 i - a potion of attraction
 n - a potion of degeneration {unknown}
 p - 2 potions of berserk rage
 t - a potion of curing {unknown}
 v - a potion of lignification {unknown}


   Skills:
 + Level 10.8 Fighting
 - Level 5.0 Axes
 - Level 6.0 Armour
 - Level 2.0 Dodging
 - Level 4.5 Shields
 - Level 7.0 Invocations


You had 7 spell levels left.
You didn't know any spells.
Your spell library contained the following spells:

 Spells                   Type           Power      Damage    Failure   Level
 Magic Dart               Conj           0%         1d3       88%         1
 Searing Ray              Conj           0%         2d4       95%         2
 Fulminant Prism          Conj/Alch      0%         3d5       100%        4
 Iskenderun's Battlesphe  Conj           0%         2d6       100%        5
 Bombard                  Conj/Erth      0%         9d1       100%        6
 Spellforged Servitor     Conj/Summ      0%         N/A       100%        7


Dungeon Overview and Level Annotations

Branches:
Dungeon (6/15)             Temple (1/1) D:4

Altars:
Ashenzari
Cheibriados
Dithmenos
Elyvilon
Gozag
Hepliaklqana
Kikubaaqudgha
Makhleb
Nemelex Xobeh
Qazlal
Sif Muna
Trog
Wu Jian
Xom
Yredelemnul
Zin
The Shining One


Message History

Found 8 gold pieces.
The sky beast barely misses you.
You hit the sky beast but do no damage.
The sky beast is almost dead.
The sky beast closely misses you.
You miss the sky beast.
The sky beast is almost dead.
You block the sky beast's attack.
You slash the sky beast!
You kill the sky beast!
Qazlal accepts your kill.
Training target 2.0 for Dodging reached!
Your Dodging skill increases to level 2!
A cyclops comes into view.
The cyclops throws a large rock.
The large rock completely misses you.
You see here 8 gold pieces.
You now have 253 gold pieces (gained 8).
Found 13 gold pieces.
The cyclops throws a large rock.
The large rock hits you but does no damage.
The cyclops completely misses you.
You hit the cyclops but do no damage. The cyclops hits you.
You hit the cyclops.
The cyclops is lightly wounded.
The cyclops hits you but does no damage.
You hit the cyclops.
The cyclops is lightly wounded.
The cyclops hits you!!
You hit the cyclops.
The cyclops is moderately wounded.
The cyclops hits you.
You slash the cyclops!
The cyclops is moderately wounded.
The cyclops hits you!
* * * LOW HITPOINT WARNING * * *
You hit the cyclops but do no damage.
The cyclops is moderately wounded.
The cyclops misses you.
You hit the cyclops but do no damage.
The cyclops is moderately wounded.
The cyclops hits you!!
You die...

##### #####...####
##.....#....####.$.
##...#.....#........
##..#..#..#....####..
##...##...##°...#
#....###.###@...#
#.###)##.##C###.#
#..###.#.#.# .#
##..####.## ##
###.......⌠.
#.....####.# #)#..##
#.# ###.#.## ....#..


You could see a cyclops.

Vanquished Creatures
  An orc warrior (D:6)
  An ice beast (D:6)
  2 ogres
  A sky beast (D:6)
  A centaur (D:6)
  2 phantoms (D:4)
  A bullfrog (D:5)
  2 scorpions
  2 howler monkeys (D:5)
  3 hounds
  A jelly (D:5)
  A bombardier beetle (D:6)
  2 orc priests
  3 sleepcaps
  2 iguanas (D:6)
  5 orc wizards
  3 adders
  2 ribbon worms
  A dart slug (D:3)
  19 orcs
  4 ball pythons
  9 bats
  7 endoplasms
  3 giant cockroaches
  7 goblins
  6 hobgoblins
  3 jackals (D:3)
  A quokka (D:2)
  A frilled lizard (D:3)
  4 kobolds
  5 rats
105 creatures vanquished.

Notes
Turn   | Place    | Note
-------+----------+-------------------------------------------
     0 | D:1      | Fractals the Hill Orc Fighter began the quest for the Orb.
     0 | D:1      | Reached XP level 1. HP: 19/19 MP: 1/1
   125 | D:1      | Reached XP level 2. HP: 24/27 MP: 2/2
   170 | D:1      | Reached skill level 4 in Fighting
   573 | D:2      | Reached XP level 3. HP: 34/34 MP: 3/3
   927 | D:2      | Reached skill level 5 in Fighting
  1389 | D:3      | Reached XP level 4. HP: 41/42 MP: 4/4
  1586 | D:3      | Found a sparkling altar of Nemelex Xobeh.
  1691 | D:3      | Found an opulent altar of Gozag.
  2119 | D:4      | Noticed a phantom
  2137 | D:4      | Killed a phantom
  2138 | D:4      | Reached skill level 7 in Fighting
  2138 | D:4      | Reached XP level 5. HP: 47/52 MP: 5/5
  2208 | D:4      | Found a staircase to the Ecumenical Temple.
  2226 | Temple   | Entered the Ecumenical Temple
  2240 | Temple   | Became a worshipper of Qazlal Stormbringer
  2287 | D:4      | Found an ornate altar of the Wu Jian Council.
  2352 | D:4      | Reached skill level 8 in Fighting
  2352 | D:4      | Reached skill level 1 in Invocations
  2369 | D:4      | Reached XP level 6. HP: 59/62 MP: 5/7
  2423 | D:4      | Reached skill level 9 in Fighting
  2533 | D:4      | Found a white marble altar of Elyvilon.
  2785 | D:5      | Entered Level 5 of the Dungeon
  2802 | D:5      | Reached XP level 7. HP: 67/71 MP: 8/10
  2809 | D:4      | Reached skill level 10 in Fighting
  2917 | D:5      | Found a hazy altar of Hepliaklqana.
  3023 | D:5      | Reached skill level 5 in Invocations
  3053 | D:5      | Reached * piety under Qazlal
  3344 | D:5      | Reached XP level 8. HP: 79/79 MP: 11/11
  3355 | D:5      | Reached skill level 5 in Axes
  3355 | D:5      | Reached skill level 5 in Armour
  3988 | D:6      | Reached skill level 1 in Dodging
  4083 | D:6      | Noticed a cyclops
  4095 | D:6      | Slain by a cyclops

Illustrated notes

Levels and vault maps discovered:
D:1:      evilmike_arrival_grusome_pit, layout_rooms,
          ebering_ecumenical_altar_mist
D:2:      layout_loops_ring, minmay_pentomino_x4
D:3:      layout_basic, mainiacjoe_overflow_concentric_impassable,
          mainiacjoe_overflow_boulevard
D:4:      layout_rooms, elyvilon_altar_5, mainiacjoe_overflow_catwalk,
          minmay_temple_entry_grid, serial_aquarium,
          aquarium_bridge_long_separate [aquarium_subvault_window,
          aquarium_subvault_bridge, aquarium_subvault_window,
          aquarium_subvault_bridge, aquarium_subvault_bridge,
          aquarium_subvault_wall], aquarium_window_1,
          aquarium_window_corridor_2, aquarium_window_1, aquarium_view_2d,
          aquarium_view_4
D:5:      layout_loops_cross, worldfamousw_hep_ancestral_shrine,
          minmay_stone_trees_small
D:6:      layout_basic, kb_rosetta, uniq_jeremiah
Temple:   chequers_temple_sunken

Skill      XL: |  1  2  3  4  5  6  7  8 |
---------------+-------------------------+-----
Axes           | 3 4 5 |  5.0
Fighting       | 4 5 7 8 9 10 | 10.8
Shields        | 4 |  4.5
Invocations    | 1 4 5 7 |  7.0
Armour         | 4 6 |  6.0
Dodging        | 2 |  2.0

Action                     |  1- 3 |  4- 6 |  7- 9 || total
---------------------------+-------+-------+-------++-------
  Melee: War axe           |   103 |    94 |   143 ||   340
    Use: Scroll            |       |     4 |     4 ||     8
 Armour: Scale mail        |     7 |       |       ||     7
         Fire dragon scale |    66 |    54 |   142 ||   262
  Dodge: Dodged            |    53 |    66 |    88 ||   207
  Block: Buckler           |    27 |    26 |    46 ||    99
